 Dungeon Crawl Stone Soup version 0.18.1-8-gdd0e5ea (webtiles) character file.

1323 georgeearnest the Ducker (level 8, -2/139 HPs)
             Began as a Black Draconian Chaos Knight on May 22, 2016.
             Slain by an orc warrior
             ... wielding a +0 hand axe
              (7 damage)
             ... on level 6 of the Dungeon.
             The game lasted 00:14:35 (5846 turns).

georgeearnest the Ducker (DrCK)                     Turns: 5846, Time: 00:14:36

Health: -2/139     AC: 24    Str: 17 (21) XL:     8   Next: 33%
Magic:  7/7        EV:  2    Int: 10 (12) God:    Xom [*.....]
Gold:   252        SH:  0    Dex: 13 (15) Spells: 0 memorised, 7 levels left

rFire  . . .     SeeInvis .     t - +2 flail (holy)
rCold  . . .     Gourm    .     (armour unavailable)
rNeg   + + +     Faith    .     (no shield)
rPois  +         Spirit   .     (helmet currently unavailable)
rElec  .         Dismiss  .     (cloak currently unavailable)
rCorr  .         Reflect  .     (gloves currently unavailable)
SustAt .         Harm     .     (boots currently unavailable)
MR     .....     NoTele   +     (no amulet)
Stlth  ..........               p - +2 ring of intelligence
                                l - +4 ring of evasion

@: agile, berserking, short of breath, tree-form, very quick, not resistant to
hostile enchantments, extremely unstealthy
A: (breathe lightning), unfitting armour, deterioration 1, dopey 1, frail 1, low
mp 1, (electricity resistance), weak 1, (cold-blooded), AC +6
a: Renounce Religion


You were on level 6 of the Dungeon.
You worshipped Xom.
You were a special plaything of Xom.
You were not hungry.
You were a tree.
You visited 1 branch of the dungeon, and saw 6 of its levels.

You collected 252 gold pieces.

Inventory:

Hand Weapons
 a - a +0 hand axe of chaos
 t - a +2 flail of holy wrath (weapon)
 z - a +0 antimagic scythe
 D - a +2 war axe of freezing
Missiles
 h - 2 throwing nets (quivered)
Armour
 f - a +2 pair of gloves (melded)
 j - a +0 pair of boots (melded)
Rods
 d - a +5 rod of shadows (10/10)
   (Xom gifted it to you on level 1 of the Dungeon)
 y - a +4 rod of ignition (13/13)
   (Xom gifted it to you on level 4 of the Dungeon)
Jewellery
 b - an uncursed ring of protection from magic
 k - an uncursed ring of positive energy
 l - a +4 ring of evasion (left branch)
 p - a +2 ring of intelligence (right branch)
 A - an uncursed ring of flight {unknown}
Wands
 q - a wand of flame (28/48)
 v - a wand of iceblast (5/15)
 B - a wand of confusion (20/48)
 E - a wand of polymorph (14/24)
Scrolls
 c - a scroll of random uselessness {unknown}
 n - 2 scrolls of remove curse
 o - 2 scrolls of teleportation {unknown}
 s - 3 scrolls of fog {unknown}
 w - a scroll of immolation {unknown}
 C - a scroll of amnesia {unknown}
 F - a scroll of identify
Potions
 g - a potion of degeneration
 x - a potion of resistance
Comestibles
 i - 3 fruits


   Skills:
 + Level 5.5 Fighting
 + Level 3.9(4.8) Axes
 + Level 4.2(5.0) Maces & Flails
 * Level 3.7 Throwing
 + Level 5.7 Dodging
 + Level 2.1 Stealth


You had 7 spell levels left.
You didn't know any spells.

Dungeon Overview and Level Annotations

Branches:
Dungeon (6/15)
 Temple: D:4-7

Altars:
Dithmenos
Okawaru
Yredelemnul

Shops:
D:5 :


Innate Abilities, Weirdness & Mutations

((You can breathe wild blasts of lightning.))
((Your glossy black scales are hard (AC +6).))
Your body does not fit into most forms of armour.
((You are resistant to electric shocks.))
((You are cold-blooded and may be slowed by cold attacks.))
Your body sometimes deteriorates upon taking damage.
You are dopey. (Int -2)
You are frail (-10% HP).
Your magical capacity is low (-10% MP).
You are weak. (Str -2)


Message History

It was a potion of berserk rage.
A red film seems to cover your vision as you go berserk!
You feel yourself moving faster!
You feel mighty! The orc hits you but does no damage.
The orc warrior hits you with a hand axe.
* * * LOW HITPOINT WARNING * * *
You are too berserk!
You are too berserk!
You sock the orc!
You kill the orc!
The orc warrior hits you but does no damage.
You cannot move.
You cannot move.
You sock the orc warrior!
The orc warrior is heavily wounded.
The orc warrior hits you but does no damage.
You closely miss the orc warrior.
The orc warrior is heavily wounded.
The orc warrior hits you with a hand axe!
You die...

....... #......$..#
#......!..#
#.........##### .
#.............#
!..####.............#
....................#
.. #......###..)♣...#
#..##...)....o#####
###.###....?...##
................#
#..###..........#
.....#..........#
.#.........(....#
.........†......#
##....#.........#


You could see an orc warrior.

Vanquished Creatures
  Sigmund (D:5)
  A sky beast (D:5)
  An ice beast (D:5)
  2 ogres (D:4)
  Blork the orc (D:5)
  A giant frog (D:5)
  A jelly (D:4)
  3 scorpions
  A howler monkey (D:5)
  A crimson imp (D:5)
  A giant frog zombie (D:5)
  3 giant frog skeletons
  2 orc wizards
  4 worker ants
  A howler monkey skeleton (D:5)
  10 adders
  An adder skeleton (D:5)
  2 worms
  3 dart slugs
  4 giant geckos
  11 orcs
  A giant cockroach (D:1)
  16 goblins
  6 hobgoblins
  11 jackals
  2 quokkas (D:4)
  7 bats
  4 giant newts
  7 kobolds
  3 rats
112 creatures vanquished.

Vanquished Creatures (collateral kills)
  An adder zombie (D:5)
1 creature vanquished.

Grand Total: 113 creatures vanquished

Notes
Turn   | Place    | Note
--------------------------------------------------------------
     0 | D:1      | georgeearnest the Draconian Chaos Knight began the quest for the Orb.
     0 | D:1      | Reached XP level 1. HP: 19/19 MP: 1/1
    33 | D:1      | XOM: potion effect (brilliance)
    43 | D:1      | XOM: divination: detect items
   512 | D:1      | XOM: god gift: curved smoking rod {god gift}
   653 | D:1      | Reached XP level 2. HP: 25/26 MP: 2/2
  1311 | D:2      | Found a shadowy altar of Dithmenos.
  1476 | D:2      | Reached XP level 3. HP: 25/33 MP: 3/3
  1538 | D:2      | XOM: harmless Pois miscast
  1856 | D:2      | XOM: divination: detect items
  2153 | D:3      | XOM: smoke on damage
  2241 | D:3      | XOM: give mutations
  2241 | D:3      | Gained mutation: You are frail (-10% HP). [Xom's mischief]
  2241 | D:3      | Gained mutation: You are dopey. (Int -2) [Xom's mischief]
  2241 | D:3      | Gained mutation: Your magical capacity is low (-10% MP). [Xom's mischief]
  2241 | D:3      | Gained mutation: You are clumsy. (Dex -2) [Xom's mischief]
  2397 | D:3      | Reached XP level 4. HP: 32/36 MP: 3/3
  2760 | D:3      | XOM: 4-stop teleportation journey
  2798 | D:3      | XOM: medium Chrm miscast
  2946 | D:3      | Reached skill level 1 in Throwing
  3124 | D:3      | XOM: noise
  3401 | D:4      | Noticed an ogre
  3402 | D:4      | XOM: blink monster(s)
  3445 | D:4      | Killed an ogre
  3445 | D:4      | Reached skill level 1 in Maces & Flails
  3445 | D:4      | Reached skill level 1 in Stealth
  3445 | D:4      | Reached XP level 5. HP: 22/41 MP: 4/4
  3721 | D:4      | Reached XP level 6. HP: 44/47 MP: 5/5
  3823 | D:4      | Found an iron altar of Okawaru.
  3844 | D:4      | XOM: give mutations
  3844 | D:4      | Gained mutation: Your body sometimes deteriorates upon taking damage. [Xom's mischief]
  3844 | D:4      | Gained mutation: You are weak. (Str -2) [Xom's mischief]
  3844 | D:4      | Lost mutation: You are clumsy. (Dex -2) [Xom's mischief]
  4063 | D:4      | XOM: god gift: knobbly smoking rod {god gift}
  4121 | D:4      | XOM: noise
  4148 | D:4      | Your scales start taking on a glossy black colour.
  4148 | D:4      | Reached XP level 7. HP: 52/54 MP: 6/6
  4148 | D:4      | Gained mutation: You are resistant to electric shocks. [Black Draconian growth]
  4178 | D:4      | Identified a +5 rod of shadows (10/10) (Xom gifted it to you on level 1 of the Dungeon)
  4179 | D:4      | Identified a +4 rod of ignition (13/13) (Xom gifted it to you on level 4 of the Dungeon)
  4210 | D:4      | XOM: confusion (+ monsters)
  4338 | D:4      | Reached skill level 5 in Fighting
  4673 | D:5      | Entered Level 5 of the Dungeon
  4778 | D:5      | Found Tetiddif's Book Boutique.
  4963 | D:5      | Noticed Blork the orc
  4963 | D:5      | XOM: noise
  4968 | D:5      | XOM: harmless Erth miscast
  4975 | D:5      | Killed Blork the orc
  4975 | D:5      | Reached skill level 5 in Dodging
  5094 | D:5      | Reached XP level 8. HP: 52/61 MP: 7/7
  5153 | D:5      | XOM: colour smoke trail
  5393 | D:5      | Noticed Sigmund
  5394 | D:5      | XOM: cast spell 'Shadow Creatures'
  5405 | D:5      | Killed Sigmund
  5563 | D:5      | XOM: smoke on damage
  5636 | D:5      | Found a basalt altar of Yredelemnul.
  5843 | D:6      | HP: 5/139 [orc warrior/hand axe (6)]
  5846 | D:6      | Slain by an orc warrior

Skill      XL: |  1  2  3  4  5  6  7  8 |
---------------+-------------------------+-----
Fighting       | 4 5 |  5.5
Throwing       | 1 2 3 |  3.7
Dodging        | 3 4 5 |  5.7
Maces & Flails | 1 2 3 4 |  4.2
Stealth        | 1 2 |  2.1
Axes           | |  3.9

Action                   |  1- 3 |  4- 6 |  7- 9 || total
-------------------------+-------+-------+-------++-------
Melee: Hand axe          |    75 |       |       ||    75
       Tailslap          |     7 |     8 |    13 ||    28
       Flail             |    16 |   172 |   132 ||   320
 Abil: Breathe Lightning |       |       |     3 ||     3
Evoke: Wand              |       |     1 |       ||     1
  Use: Scroll            |       |     4 |     4 ||     8
       Potion            |       |       |     5 ||     5
 Stab: Sleeping          |     1 |       |       ||     1
       Confused          |       |       |     2 ||     2
  Eat: Bread ration      |     1 |     1 |     1 ||     3
       Pizza             |       |     1 |       ||     1
       Fruit             |       |       |     2 ||     2
Armor: Skin              |    31 |    55 |    56 ||   142
Dodge: Dodged            |    74 |   178 |   122 ||   374
